 Dungeon Crawl Stone Soup version 0.30-a0-4-ga7cffc901d (webtiles) character file.

Game seed: 8450920737105422055

49 Sabo the Conjurer (level 3, 0/21 HPs)
             Began as an Octopode Conjurer on Aug 21, 2022.
             Was an Initiate of Gozag.
             Slain by a gnoll
             ... wielding a +0 whip
              (6 damage)
             ... on level 2 of the Dungeon.
             The game lasted 00:11:27 (3138 turns).

Sabo the Conjurer (Octopode Conjurer)               Turns: 3138, Time: 00:11:30

Health: 0/21       AC:  1    Str:  6    XL:     3   Next: 75%
Magic:  6/6        EV: 17    Int: 22    God:    Gozag
Gold:   177        SH:  0    Dex: 10    Spells: 3/6 levels left

rFire   . . .      SeeInvis .    g - +0 long sword
rCold   . . .      Faith    .    (no shield)
rNeg    . . .      Spirit   .    (helmet restricted)
rPois   .          Reflect  .    (no amulet)
rElec   .          Harm     .    d - +4 ring of evasion
rCorr   .          Rampage  .    (no ring)
Will    .....                    (no ring)
Stlth   +++.......               (no ring)
HPRegen 0.07/turn                (no ring)
MPRegen 0.10/turn                (no ring)
                                 (no ring)
                                 (no ring)

@: no status effects
A: almost no armour, amphibious, 8 rings, camouflage 1, gelatinous body 1,
(nimble swimmer 1), tentacles
a: Renounce Religion, Potion Petition, Call Merchant, Bribe Branch


You were on level 2 of the Dungeon.
You worshipped Gozag.
Gozag was aware of your devotion.
You visited 1 branch of the dungeon, and saw 2 of its levels.

You collected 177 gold pieces.

Inventory:

Hand Weapons
 g - a +0 long sword (weapon)
Jewellery
 d - a +4 ring of evasion (left tentacle)
Scrolls
 e - a scroll of enchant armour {unknown}
Potions
 a - a potion of magic
 b - a potion of curing {unknown}
 c - 2 potions of experience {unknown}
 f - a potion of might {unknown}


   Skills:
 + Level 1.4 Long Blades
 + Level 2.3 Dodging
 + Level 2.9 Stealth
 + Level 2.1 Spellcasting
 + Level 4.6 Conjurations


You had 3 spell levels left.
You knew the following spells:

 Your Spells              Type           Power      Damage    Failure   Level
a - Magic Dart            Conj           88%        1d7       1%          1
b - Searing Ray           Conj           44%        2d6       3%          2

Your spell library contained the following spells:

 Spells                   Type           Power      Damage    Failure   Level
 Shock                    Conj/Air       48%        1d6       5%          1
 Dazzling Flash           Conj/Hex       24%        N/A       16%         3
 Swiftness                Air            2%         N/A       38%         3
 Fulminant Prism          Conj/Hex       6%         3d7       45%         4
 Iskenderun's Mystic Bla  Conj/Tloc      12%        2d5       45%         4
 Airstrike                Air            1%         2d(1-17)  80%         4
 Freezing Cloud           Conj/Ice/Air   4%         6-21      89%         5
 Polar Vortex             Ice            1%         N/A       100%        9
 Simulacrum               Ice/Necr       Unusable   N/A       N/A         6

Dungeon Overview and Level Annotations

Branches:
Dungeon (2/15)

Altars:
Gozag


Innate Abilities, Weirdness & Mutations

You cannot wear most types of armour.
You are amphibious.
You can wear up to eight rings at the same time.
Your skin changes colour to match your surroundings (Stealth+).
Your rubbery body absorbs attacks. (AC +1, EV +1)
((You are camouflaged when in or above water. (Stealth+)))
You have tentacles for arms and can constrict up to eight enemies at once.


Message History

The gnoll is heavily wounded.
The gnoll hits you with a +0 club. The gnoll closely misses you. x2
You completely miss the gnoll. You grab the gnoll.
The gnoll is heavily wounded.
You constrict the gnoll, but do no damage.
The gnoll barely misses you. The gnoll closely misses you.
You hit the gnoll.
The gnoll is almost dead.
You constrict the gnoll.
You kill the gnoll!
The gnoll hits you from afar with a +0 halberd of protection!
* * * LOW HITPOINT WARNING * * *
A gnoll comes into view. It is wielding a +0 whip.
Your Long Blades skill increases to level 1!
The gnoll misses you.
You climb upwards.
There is a stone staircase leading down here.
You start resting.
HP restored.
You start waiting.
Done waiting.
There is a stone staircase leading down here.
You climb downwards.
An endoplasm comes into view.
The gnoll hits you with a +0 whip. The gnoll closely misses you.
The endoplasm moves out of view.
There is a stone staircase leading up here.
You hit the gnoll. You grab the gnoll.
The gnoll is heavily wounded.
You constrict the gnoll, but do no damage.
The gnoll completely misses you. The gnoll barely misses you.
The endoplasm quivers.
You hit the gnoll.
The gnoll is severely wounded.
You constrict the gnoll.
The gnoll hits you from afar with a +0 halberd of protection!
* * * LOW HITPOINT WARNING * * *
The gnoll hits you with a +0 whip.
You die...
Your body crumbles into a pile of gold.

. ### . ... #@#
...
.....##g##....#
#...g$...#
####$>#.##
#.....# $
##.#..# .#..#
.# J# .# .#


You could see 2 gnolls and an endoplasm.

Vanquished Creatures
  2 gnolls (D:2)
  2 dart slugs
  4 endoplasms
  2 giant cockroaches (D:1)
  2 goblins
  A hobgoblin (D:1)
  3 bats (D:1)
  3 frilled lizards (D:1)
  6 kobolds (D:1)
  3 rats (D:1)
28 creatures vanquished.

Notes
Turn   | Place    | Note
-------+----------+-------------------------------------------
     0 | D:1      | Sabo the Octopode Conjurer began the quest for the Orb.
     0 | D:1      | Reached XP level 1. HP: 11/11 MP: 3/3
   794 | D:1      | Reached XP level 2. HP: 16/17 MP: 0/5
   869 | D:1      | Found a faded altar of an unknown god.
   869 | D:1      | Noticed an eye of devastation
   873 | D:1      | Noticed a great orb of eyes
   874 | D:1      | Noticed a shining eye
   874 | D:1      | Noticed an eye of devastation
   918 | D:1      | Prayed at the altar of an unknown god.
   918 | D:1      | Became a worshipper of Gozag Ym Sagoz the Greedy
  1182 | D:1      | Learned a level 2 spell: Searing Ray
  2237 | D:1      | Reached XP level 3. HP: 21/21 MP: 3/6
  2820 | D:2      | Reached skill level 1 in Long Blades
  3138 | D:2      | Slain by a gnoll

Illustrated notes

Levels and vault maps discovered:
D:1:      saegor_arrival_under_anarchy, layout_basic,
          hellmonk_ecumenical_altar_watching_god, chequers_mini_garden
D:2:      layout_basic

Skill      XL: |  1  2  3 |
---------------+----------+-----
Long Blades    | 1 |  1.4
Dodging        | |  2.3
Stealth        | |  2.9
Spellcasting   | |  2.1
Conjurations   | |  4.6

Action                   || total
-------------------------++-------
Melee: Unarmed           ||    12
       Tentacles         ||    11
       Constrict         ||     9
       Long sword        ||    23
       Dagger            ||     2
 Cast: Magic Dart        ||    32
 Stab: Sleeping          ||     1
Armor: Skin              ||     1
Dodge: Dodged            ||    29

Table legend: (Time is in decaauts)
 A = Elapsed time spent in this place.
 B = Non-inter-level travel time spent in this place.
 C = Inter-level travel time spent in this place.
 D = Time resting spent in this place.
 E = Time spent auto-exploring this place.
 F = Levels seen in this place.
 G = Mean time per level.
                   A        B        C        D        E       F      G
               +--------+--------+--------+--------+--------+-----+--------+
         Total |   3146 |   3146 |      0 |   1891 |      0 |   2 | 1573.0 |
       Dungeon |   3146 |   3146 |      0 |   1891 |      0 |   2 | 1573.0 |
               +--------+--------+--------+--------+--------+-----+--------+

Top non-repeatable levels by time:
     D:1: 3038 daAuts
     D:2: 108 daAuts
